[Event "GrandPrix_30.05"]
[Site "Chess.com"]
[Date "2020.05.30"]
[Round "8"]
[White "BogdanBelyakov89"]
[Black "Lion_DL"]
[Result "1/2-1/2"]
[WhiteElo "2246"]
[BlackElo "2178"]
[TimeControl "600+2"]
[EndTime "11:51:43 PDT"]
[Termination "Game drawn by agreement"]

1. e4 c5 2. c3 d6 3. d4 Nf6 4.
f3 e6 5. Bd3 Nc6 6. Ne2 Qb6 7.
Na3 cxd4 8. Nc4 Qc7 9. Nxd4 Nxd4 10. cxd4 d5 11. exd5 Nxd5 12. Ne5 Bb4+ 13. Bd2 O-O 14. O-O Qb6 15. Kh1 Qxd4 16. f4 f5 17. Bxb4 Qxb4 18. Qc1 Qd6 19. Bc4 Bd7 20. Bxd5 exd5 21. Qe3 d4 22. Rfd1 dxe3 23. Rxd6 Bc6 24. Nxc6 bxc6 25.
Rxc6 Rfe8 26. Re1 Rad8 27. Rc2 Re4 28. Rce2 Rd2 29. g3 Rc4 30. Kg2 Rcc2 31. Kf3 Rxb2 32. Kxe3 Rxe2+ 33. Rxe2 Rb4 1/2-1/2

[Event "GrandPrix_30.05"]
[Site "Chess.com"]
[Date "2020.05.30"]
[Round "8"]
[White "klimkoj"]
[Black "tianachess"]
[Result "0-1"]
[WhiteElo "2092"]
[BlackElo "2020"]
[TimeControl "600+2"]
[EndTime "11:51:58 PDT"]
[Termination "tianachess won by resignation"]

1. e4 Nf6 2. e5 Nd5 3. c4 Nb6 4.
c5 Nd5 5. Nc3 e6 6. Nxd5 exd5 7.
d4 d6 8. cxd6 cxd6 9. Nf3 dxe5 10. Nxe5 Bb4+ 11. Bd2 Bxd2+ 12. Qxd2 O-O 13. Be2 f6 14.
Nf3 Nc6 15. O-O Bf5 16. Rac1 Qb6 17. Rc5 Be4 18. Rfc1 Rad8 19. a3 a6 20. b4 Ne7 21.
Qf4 Nf5 22. h3 Qd6 23. Qxd6 Rxd6 24. g4 Bxf3 25. Bxf3 Nxd4 26. Bxd5+ Rxd5 27. Rxd5 Ne2+ 28. Kf1 Nxc1 29. Rd7 Rb8 30. Ke1 a5 31. Kd1 Nb3 32.
Kc2 a4 33. b5 b6 34. Kc3 Nc5 35. Rc7 Ne4+ 36. Kb4 Nxf2 37. Kxa4 Nxh3 38. Kb4 Nf2 39. a4 Nxg4 40. Rc6 Ne5 41. Rxb6 Rxb6 42. a5 Nc6+ 43. Kc5 Rxb5+ 0-1

[Event "GrandPrix_30.05"]
[Site "Chess.com"]
[Date "2020.05.30"]
[Round "8"]
[White "Flawless_Fighter"]
[Black "DanielDardha2005"]
[Result "1-0"]
[WhiteElo "2235"]
[BlackElo "2278"]
[TimeControl "600+2"]
[EndTime "11:52:03 PDT"]
[Termination "Flawless_Fighter won by resignation"]

1. e4 c5 2. Nf3 Nc6 3. Bb5 Nf6 4.
Nc3 g6 5. Bxc6 dxc6 6. d3 Bg7 7. h3 O-O 8. Be3 b6 9. Qd2 Re8 10. O-O e5 11. Nh2 Nh5 12. Ne2 f5 13. exf5 gxf5 14.
Bg5 Qd6 15. Rae1 Qg6 16. f4 e4 17. dxe4 Rxe4 18. Nf3 Ba6 19. g4 fxg4 20. hxg4 Rxe2 21. Rxe2 Ng3 22. Re7 Nxf1 23. Qd7 Bd4+ 24. Nxd4 c4 25. Nf5 1-0

[Event "GrandPrix_30.05"]
[Site "Chess.com"]
[Date "2020.05.30"]
[Round "8"]
[White "ZverevLev"]
[Black "bsnsun"]
[Result "0-1"]
[WhiteElo "2059"]
[BlackElo "1940"]
[TimeControl "600+2"]
[EndTime "11:52:12 PDT"]
[Termination "bsnsun won by resignation"]

1. e4 c5 2. Nf3 d6 3. d4 cxd4 4.
Nxd4 Nf6 5. Nc3 a6 6. Bg5 Nbd7 7. f4 h6 8. Bxf6 Nxf6 9. f5 Qb6 10. Qd2 g5 11. O-O-O Bg7 12. Be2 Qc5 13. Nb3 Qe5 14.
Rde1 b5 15. Bd3 Bd7 16. Nd5 Nxd5 17. exd5 Qxb2+ 18. Kd1 Bc3 19. Qe3 Bxe1 20. Rxe1 Qf6 21. Nd2 Qa1+ 22. Ke2 Qe5 23. Kf2 Qxe3+ 24. Rxe3 f6 25. g4 h5 26. Ne4 Kf7 27. h3 hxg4 28. hxg4 Rh2+ 29. Kg3 Rah8 30. Nf2 a5 31. c3 R2h7 32. a3 Rc8 33. Bf1 Rhh8 34. Ne4 Rc7 35. Re1 Rhc8 36. Rb1 Rxc3+ 37. Nxc3 Rxc3+ 38. Kf2 Rxa3 39. Bxb5 Bxb5 40. Rxb5 a4 41. Ra5 Ra1 42. Ra8 a3 43. Kg2 a2 44. Kh2 Rd1 45. Rxa2 Rxd5 46. Ra8 Rd2+ 47.
Kg3 Rd1 48. Kf3 Rh1 49. Kg2 Rh7 50. Rd8 Rg7 51. Ra8 Rg8 52. Ra7 Rc8 53. Kf3 Ke8 54.
Ke4 Rc5 55. Ra8+ Kd7 56. Ra7+ Rc7 57. Ra8 Rc4+ 58. Kf3 Rc3+ 59. Kf2 d5 60. Ra6 Rc6 61. Ra7+ Kd6 62. Ke3 Rc3+ 63. Kf2 Rc7 64. Ra6+ Ke5 65. Ke3 d4+ 66. Kd3 Kf4 67. Kxd4 Kxg4 68. Ke4 Rc4+ 69. Kd3 Rc5 70. Re6 Kxf5 71. Rxe7 Re5 72. Rh7 g4 73. Rg7 Kf4 74. Kd4 Re1 0-1

[Event "GrandPrix_30.05"]
[Site "Chess.com"]
[Date "2020.05.30"]
[Round "8"]
[White "PresidenteMNE"]
[Black "madamDD"]
[Result "1-0"]
[WhiteElo "2153"]
[BlackElo "2208"]
[TimeControl "600+2"]
[EndTime "11:52:14 PDT"]
[Termination "PresidenteMNE won by checkmate"]

1. d4 Nf6 2. Bg5 d5 3. Bxf6 gxf6 4. e3 e6 5. c4 dxc4 6. Bxc4 Bd7 7. Qh5 Qe7 8. Nc3 Bc6 9. Nf3 Nd7 10. Bxe6 Qxe6 11.
d5 Bxd5 12. Nxd5 Bd6 13. O-O O-O-O 14. Rac1 Kb8 15. Nd4 Qe4 16. Rc4 Qd3 17. Rfc1 Ne5 18. R4c3 Qd2 19. R3c2 Qa5 20. Nxf6 Qxa2 21. b3 Qa6 22.
Qf5 Nd3 23. Rd1 Nb4 24. Rcc1 c5 25. Nf3 Ka8 26. Ra1 Qe2 27. Rd2 Qb5 28. g3 Qc6 29. Ne4 Be7 30. Ne5 Qb5 31. Rxd8+ Rxd8 32. Nxf7 Rf8 33. Qe6 Nc6 34. Nfd6 Qd3 35. Nc8 Bd8 36. Nxa7 Na5 37. Nxc5 Qc3 38. Qc8+ Kxa7 39. Qxb7# 1-0

[Event "GrandPrix_30.05"]
[Site "Chess.com"]
[Date "2020.05.30"]
[Round "8"]
[White "VMikhalevski"]
[Black "Lukianoo"]
[Result "1-0"]
[WhiteElo "2720"]
[BlackElo "2574"]
[TimeControl "600+2"]
[EndTime "11:53:03 PDT"]
[Termination "VMikhalevski won by resignation"]

1. d4 Nf6 2. Nf3 e6 3. c4 Bb4+ 4. Bd2 c5 5. Bxb4 cxb4 6. g3 O-O 7. Bg2 d6 8. O-O Nc6 9. a3 Bd7 10. axb4 Nxb4 11. Nc3 a5 12. e4 Qc7 13. e5 dxe5 14. Nxe5 Rfd8 15. Qe2 Be8 16. Rfd1 Qb6 17. c5 Qc7 18.
Nb5 Bxb5 19. Qxb5 Nfd5 20. Nc4 Nc6 21. Bxd5 Rxd5 22. Nb6 Rad8 23. Nxd5 Rxd5 24. b4 h5 25. bxa5 Nxd4 26. Qb6 Qe5 27. c6 Nf3+ 28. Kh1 Rd4 29. cxb7 Rh4 30. b8=Q+ Kh7 31. gxh4 1-0

[Event "GrandPrix_30.05"]
[Site "Chess.com"]
[Date "2020.05.30"]
[Round "8"]
[White "TheJoker64"]
[Black "Micki-taryan"]
[Result "1-0"]
[WhiteElo "2357"]
[BlackElo "2480"]
[TimeControl "600+2"]
[EndTime "11:53:36 PDT"]
[Termination "TheJoker64 won by resignation"]

1. e4 e6 2. d4 d5 3. Bd3 dxe4 4. Bxe4 Nf6 5. Bf3 c5 6. Ne2 Nc6 7. Be3 cxd4 8. Nxd4 Ne5 9. Nc3 a6 10. Qe2 Nxf3+ 11.
Qxf3 e5 12. O-O-O Bg4 13. Qxb7 Bxd1 14. Rxd1 exd4 15. Bxd4 Rb8 16. Re1+ Be7 17. Rxe7+ Kf8 18. Rxf7+ Ke8 19. Qc7 Rg8 20. Rxg7 Rxg7 21. Qxg7 Qxd4 22. Qh8+ Kf7 23. Qxb8 Qxf2 24. Qc7+ Kf8 25. Qd6+ Kf7 26. Qg3 Qg1+ 27. Nd1 a5 28. h3 a4 29. Qf3 Qd4 30.
Ne3 a3 31. bxa3 h5 32. g4 Kg8 33. Qa8+ Kh7 34. Qb7+ Kg6 35. Qg7+ Kxg7 36. Nf5+ Kf7 37. Nxd4 hxg4 38. hxg4 Nxg4 39. Kb2 Ke7 40. Kb3 Kd6 41.
c4 Ne3 42. a4 Kc5 43. Ne6+ Kd6 44. Nf4 Kc5 45. Nd3+ Kd4 46. Nb2 Kc5 47. a5 Nf5 48.
Na4+ Kd4 49. a6 1-0

[Event "GrandPrix_30.05"]
[Site "Chess.com"]
[Date "2020.05.30"]
[Round "8"]
[White "Murad_Ibrahimli"]
[Black "EvgenyPigusov"]
[Result "1-0"]
[WhiteElo "2562"]
[BlackElo "2327"]
[TimeControl "600+2"]
[EndTime "11:53:45 PDT"]
[Termination "Murad_Ibrahimli won by resignation"]

1. d4 d5 2. c4 e6 3. Nf3 Nf6 4. g3 Be7 5. Bg2 O-O 6. O-O b6 7. b3 Bb7 8. Bb2 Na6 9. Nc3 c5 10. cxd5 Nxd5 11. Nxd5 Bxd5 12. Rc1 Rc8 13. Re1 Be4 14.
Ne5 Bxg2 15. Kxg2 Nb4 16. a3 Nc6 17. Nxc6 Rxc6 18. dxc5 Rxc5 19. b4 Qa8+ 20. e4 Rxc1 21. Qxc1 Rc8 22. Qd1 Bf8 23. h4 Rc4 24. Qd3 Qc6 25.
Re2 a5 26. bxa5 bxa5 27. h5 h6 28. Be5 a4 29. f3 Rc5 30. Bd4 Rxh5 31. Rc2 Qb5 32.
Qxb5 Rxb5 33. Rc8 f6 34. Ra8 Kf7 35. Rxa4 Rb3 36. Ra7+ Kg6 37. a4 e5 38. Bg1 Rb2+ 39.
Kh3 Rb3 40. a5 Rxf3 41. Ra8 Rf1 42. Kg2 Ra1 43. a6 Bb4 44. a7 Ra2+ 45. Kh3 Be1 46. Rc8 Ra3 47. a8=Q 1-0

[Event "GrandPrix_30.05"]
[Site "Chess.com"]
[Date "2020.05.30"]
[Round "8"]
[White "LuckyLuka04"]
[Black "ly4o"]
[Result "1-0"]
[WhiteElo "2159"]
[BlackElo "2015"]
[TimeControl "600+2"]
[EndTime "11:53:53 PDT"]
[Termination "LuckyLuka04 won by resignation"]

1. d4 Nf6 2. Nf3 e6 3. Bf4 d5 4. e3 c5 5. c3 Nc6 6. Nbd2 cxd4 7. exd4 Nh5 8. Be3 Bd6 9. Ne5 g6 10. g4 Ng7 11. h4 f6 12. Bh6 O-O 13. Nd3 e5 14.
dxe5 fxe5 15. Qb3 Be6 16. O-O-O Na5 17. Qa4 b5 18. Qc2 e4 19. Ne1 Rxf2 20. Be3 Rf8 21. Be2 Nc4 22. Nxc4 bxc4 23. h5 g5 24. h6 Ne8 25. Qd2 Bf4 26. Nc2 Qa5 27. Rh5 Qxa2 28.
Bxf4 gxf4 29. Rg5+ Kf7 30. Qd4 Rb8 31. Nb4 Qa1+ 32. Kc2 Qa4+ 33. Kb1 Nf6 34. Rg7+ Ke8 35. Qe5 Rb6 36. g5 Nd7 37. Qc7 Rf7 38. Bh5 f3 39. Rxd5 Bxd5 40. Rg8+ Ke7 41. Nxd5+ Ke6 42. Re8+ 1-0

[Event "GrandPrix_30.05"]
[Site "Chess.com"]
[Date "2020.05.30"]
[Round "8"]
[White "sahidi"]
[Black "Kildepiotr"]
[Result "0-1"]
[WhiteElo "2134"]
[BlackElo "2086"]
[TimeControl "600+2"]
[EndTime "11:54:02 PDT"]
[Termination "Kildepiotr won by resignation"]

1. d4 c5 2. d5 e5 3. e4 d6 4. Bb5+ Nd7 5. Nc3 Be7 6. Nge2 Bg5 7. O-O Bxc1 8. Qxc1 a6 9. Bxd7+ Bxd7 10. a4 Nf6 11.
f4 exf4 12. Qxf4 Qe7 13. Ng3 O-O 14. Rae1 Rfe8 15. a5 Qe5 16. h3 Qxf4 17. Rxf4 Rab8 18.
b3 b5 19. axb6 Rxb6 20. Nf1 Bb5 21. Ne3 Nd7 22. Ra1 Ne5 23. Nb1 Ng6 24. Rf3 Rxe4 25.
c4 Bd7 26. Nd2 Re7 27. Nd1 Re2 28. Rf2 Re1+ 29. Rf1 Rxf1+ 30. Kxf1 Ne5 31. Nc3 f5 32. Ke2 Kf7 33. g3 g5 34. h4 h6 35. hxg5 hxg5 36.
Rh1 Rb8 37. Rh6 Ke7 38. Nd1 Rf8 39. Nf2 f4 40. gxf4 gxf4 41. Nfe4 f3+ 42. Kf1 Ng4 43.
Rh7+ Kd8 44. Nxd6 f2 45. Nf7+ Kc7 46. Ng5 Kc8 47. Rf7 Rh8 48. Nge4 Rh1+ 49. Ke2 Re1+ 50. Kd3 Ne5+ 51. Kc3 Re3+ 52. Kb2 Nxf7 53. Nxf2 Re2 54. Ne4 Bf5 0-1

[Event "GrandPrix_30.05"]
[Site "Chess.com"]
[Date "2020.05.30"]
[Round "8"]
[White "GM_LOADING"]
[Black "Velis23"]
[Result "1-0"]
[WhiteElo "2317"]
[BlackElo "2170"]
[TimeControl "600+2"]
[EndTime "11:54:18 PDT"]
[Termination "GM_LOADING won by resignation"]

1. e4 c6 2. d4 d5 3. e5 Na6 4. Nf3 g6 5. c4 Bf5 6. a3 Bxb1 7. Rxb1 Nc7 8. h4 h5 9. cxd5 Nxd5 10. e6 Nh6 11. Ne5 fxe6 12. Nxg6 Rh7 13. Nxf8 Kxf8 14.
Qxh5 Kg7 15. Qe5+ Nf6 16. Bd3 Rh8 17. Bxh6+ Rxh6 18. Qg5+ Kf7 19. Qxh6 Qxd4 20. Bg6+ Kg8 21. O-O Qe5 22. Qg5 Qc7 23. Rfe1 Rd8 24. Rxe6 Rd5 25. Bf5+ Kf8 26. Rbe1 Qa5 27. Qh6+ 1-0

[Event "GrandPrix_30.05"]
[Site "Chess.com"]
[Date "2020.05.30"]
[Round "8"]
[White "Supernotar"]
[Black "Arm-Akiba"]
[Result "0-1"]
[WhiteElo "2248"]
[BlackElo "2690"]
[TimeControl "600+2"]
[EndTime "11:54:20 PDT"]
[Termination "Arm-Akiba won by checkmate"]

1. d4 Nf6 2. c4 e6 3. Nf3 d5 4. e3 a6 5. Nbd2 b6 6. Bd3 Bb7 7. b3 Bd6 8. Bb2 O-O 9. O-O Nbd7 10. Qe2 Ne4 11. Rad1 f5 12. Ne5 Qe7 13. Nxd7 Qxd7 14. f3 Nxd2 15. Rxd2 Qe7 16. Rdd1 Qh4 17. g3 Qe7 18. e4 dxc4 19. bxc4 Ba3 20. Ba1 f4 21. e5 Rad8 22. Be4 Bxe4 23. Qxe4 b5 24. c5 Qd7 25. Rb1 Qd5 26. Kg2 Qxa2+ 27. Rf2 Qd5 28. gxf4 b4 29. Qe3 a5 30. Kh1 Rf5 31. Rg2 Rdf8 32. Rbg1 g6 33.
Rg4 Kg7 34. h4 a4 35. R1g3 b3 36. Bc3 b2 37. Rg1 Qb3 38. Qd3 Bb4 39. h5 Rxh5+ 40.
Kg2 Qxc3 41. Qb5 Qc2+ 42. Kg3 Qh2# 0-1

[Event "GrandPrix_30.05"]
[Site "Chess.com"]
[Date "2020.05.30"]
[Round "8"]
[White "ninullia"]
[Black "DaggiGretarsson"]
[Result "1-0"]
[WhiteElo "2312"]
[BlackElo "2169"]
[TimeControl "600+2"]
[EndTime "11:54:25 PDT"]
[Termination "ninullia won by resignation"]

1. d4 d5 2. Nf3 Nf6 3. c4 c6 4.
cxd5 cxd5 5. Nc3 Nc6 6. Bf4 a6 7. e3 Bg4 8. h3 Bxf3 9. Qxf3 e6 10.
Bd3 Bd6 11. Bg5 h6 12. Bh4 Be7 13. O-O O-O 14. Rac1 Rc8 15. Bb1 b5 16. Qe2 Nd7 17.
Qd3 f5 18. Bg3 Nb6 19. Ne2 g5 20. Qd1 Nc4 21. b3 Na3 22. Bd3 Nb4 23. Qd2 Nxd3 24. Qxd3 Qa5 25. Be5 b4 26. g4 Qb5 27. Qd2 Qd7 28. Ng3 Nb5 29. Rxc8 Rxc8 30. gxf5 exf5 31. Qd3 Rc3 32. Qb1 Na3 33. Qd1 f4 34. Qh5 Qe6 35.
Qe8+ Kh7 36. Qh8+ 1-0

[Event "GrandPrix_30.05"]
[Site "Chess.com"]
[Date "2020.05.30"]
[Round "8"]
[White "yamalchess"]
[Black "kirillshevchenko"]
[Result "0-1"]
[WhiteElo "2359"]
[BlackElo "2666"]
[TimeControl "600+2"]
[EndTime "11:54:52 PDT"]
[Termination "kirillshevchenko won by resignation"]

1. d4 Nf6 2. c4 g6 3. Nc3 d5 4. Bf4 Bg7 5. Qa4+ Bd7 6. Qb3 dxc4 7. Qxb7 Bc6 8. Qxc7 Qxc7 9. Bxc7 Na6 10. Be5 O-O 11. f3 Nb4 12. O-O-O Bh6+ 13. e3 Bxe3+ 14. Kb1 Bd7 15.
Bxf6 exf6 16. Bxc4 Bf5+ 17. Ne4 Rfe8 18. a3 Rxe4 19.
fxe4 Bxe4+ 20. Ka1 Nc2+ 21. Ka2 Bxg2 22. Ne2 Bxh1 23.
Rxh1 Nxd4 24. Nxd4 Bxd4 25. Rd1 Rd8 26. b4 Bb6 27.
Rxd8+ Bxd8 28. a4 Bc7 29. h3 f5 30. Kb3 a5 31. Bd5 Kg7 32. bxa5 Bxa5 33. Kc4 h5 34. Kd4 Kf6 35. Ke3 g5 36. Bc4 g4 37. Kf2 f4 38. Bb3 Kg6 39. Kg2 f5 40. Be6 Kg5 41. Bd7 f3+ 42. Kf2 Bb6+ 0-1

[Event "GrandPrix_30.05"]
[Site "Chess.com"]
[Date "2020.05.30"]
[Round "8"]
[White "TimofeevAr"]
[Black "rasmussvane"]
[Result "0-1"]
[WhiteElo "2576"]
[BlackElo "2527"]
[TimeControl "600+2"]
[EndTime "11:55:03 PDT"]
[Termination "rasmussvane won by resignation"]

1. c4 e6 2. Nf3 d5 3. e3 Nf6 4.
b3 c5 5. Bb2 Nc6 6. cxd5 exd5 7.
Bb5 Bd6 8. O-O O-O 9. d4 cxd4 10.
Bxc6 bxc6 11. Qxd4 c5 12. Qh4 Ne4 13. Qxd8 Rxd8 14.
Rd1 Be6 15. Nbd2 Nxd2 16. Rxd2 a5 17. Ng5 a4 18. Nxe6 fxe6 19. bxa4 Rxa4 20. Kf1 Rda8 21. a3 Kf7 22. g3 Be7 23. Rc1 R8a5 24. Bc3 Rb5 25.
Rb2 Rxb2 26. Bxb2 c4 27. Ke2 Bf6 28. Bxf6 gxf6 29. Ra1 e5 30. Kd2 Ke6 31. Kc3 Kd6 32.
Kb2 Kc5 33. f4 Ra6 34. fxe5 fxe5 35. a4 Kb4 36. Rd1 c3+ 37. Kc2 Kc4 38. Ra1 d4 39.
exd4 exd4 40. a5 d3+ 41. Kd1 Rf6 42. Ke1 d2+ 43. Ke2 Re6+ 44. Kf3 c2 0-1

[Event "GrandPrix_30.05"]
[Site "Chess.com"]
[Date "2020.05.30"]
[Round "8"]
[White "LorisinoC"]
[Black "RovenVogel"]
[Result "0-1"]
[WhiteElo "2225"]
[BlackElo "2445"]
[TimeControl "600+2"]
[EndTime "11:55:09 PDT"]
[Termination "RovenVogel won by resignation"]

1. e4 c5 2. Nf3 d6 3. Bb5+ Bd7 4. Bxd7+ Nxd7 5. c3 Ngf6 6. Qe2 e6 7. O-O Be7 8. Rd1 O-O 9. d4 Qc7 10. h3 Rac8 11. Bf4 cxd4 12. cxd4 Qc2 13. Qxc2 Rxc2 14. e5 dxe5 15. dxe5 Nd5 16. Bc1 Rfc8 17. Nbd2 Bb4 18. a3 Bxd2 19. Nxd2 Nxe5 20. Nb3 a6 21. Nd4 R2c7 22.
Bg5 Nc6 23. Rac1 Nxd4 24. Rxc7 Nf3+ 25. gxf3 Rxc7 26. Be3 h6 27. Rd2 Kh7 28. Kf1 Rc1+ 29. Kg2 Rc4 30. Kg3 h5 31. f4 Kg6 32. Rd4 Nxe3 33. fxe3 Rxd4 34. exd4 Kf5 35. Kf3 h4 36. Ke3 f6 37. a4 g5 38. fxg5 fxg5 39. Kf3 a5 40. b3 b6 41. Ke3 g4 42. hxg4+ Kxg4 43. Ke4 h3 44. d5 exd5+ 45. Kxd5 h2 46. Kc6 h1=Q+ 47. Kxb6 Qd5 0-1

[Event "GrandPrix_30.05"]
[Site "Chess.com"]
[Date "2020.05.30"]
[Round "8"]
[White "Tokarev_Sergey"]
[Black "bernereremit"]
[Result "0-1"]
[WhiteElo "1990"]
[BlackElo "2114"]
[TimeControl "600+2"]
[EndTime "11:55:26 PDT"]
[Termination "bernereremit won by checkmate"]

1. c4 c5 2. Nc3 Nc6 3. e4 g6 4. g3 Bg7 5. Bg2 e6 6. Nge2 Nge7 7.
O-O O-O 8. d3 Rb8 9. Rb1 d6 10.
a3 a5 11. Bg5 Bd7 12. Qd2 Nd4 13. Nxd4 cxd4 14. Ne2 b5 15. b4 axb4 16. Rxb4 f6 17.
Bh6 bxc4 18. dxc4 e5 19. Rfb1 Qc7 20. Bxg7 Kxg7 21. Qb2 Rxb4 22. axb4 Qxc4 23. Rc1 Qb5 24. Rc7 Rc8 25. Ra7 Rc4 26. Nc1 Rxb4 27. Qa2 Kf8 28.
Bf1 Qc6 29. Nd3 Rb8 30. Qa5 Rb7 31. Ra8+ Be8 32. Ra6 Qxe4 33. Rxd6 Bc6 34. Rxf6+ Kg7 35. Rxc6 Nxc6 36. Qc5 Rb1 37. Qc2 Ra1 38. Qb2 Rxf1+ 39.
Kxf1 Qxd3+ 40. Kg1 Qc3 41. Qb7+ Kh6 42. Qc7 d3 43.
Qf7 Qe1+ 44. Kg2 Qe4+ 45. Kg1 Nd4 46. Qf8+ Kh5 47. Qe7 Ne2+ 48. Kf1 Qh1# 0-1

[Event "GrandPrix_30.05"]
[Site "Chess.com"]
[Date "2020.05.30"]
[Round "8"]
[White "Azatic"]
[Black "PotapovaM"]
[Result "1-0"]
[WhiteElo "2310"]
[BlackElo "2183"]
[TimeControl "600+2"]
[EndTime "11:55:39 PDT"]
[Termination "Azatic won by resignation"]

1. e4 c5 2. Nf3 d6 3. d4 cxd4 4. Nxd4 Nf6 5. Nc3 a6 6. Be3 e5 7. Nb3 Be6 8. Qd2 Be7 9. f3 O-O 10. O-O-O Nbd7 11. g4 b5 12. g5 b4 13. Ne2 Ne8 14. f4 a5 15. f5 Bxb3 16. cxb3 a4 17.
Ng3 axb3 18. axb3 Nb6 19. Kb1 d5 20. f6 gxf6 21. gxf6 Nxf6 22. Nf5 Kh8 23. Bxb6 Qxb6 24. Qh6 Rg8 25. Nxe7 Rg7 26. exd5 Qf2 27. Bd3 Ng4 28. Qd2 Qa7 29. Nc6 Qa2+ 30. Kc2 Ra3 31. Bc4 e4 32.
Nxb4 e3 33. Qd4 e2 34. Nxa2 exd1=Q+ 35. Rxd1 Rxa2 36. d6 1-0

[Event "GrandPrix_30.05"]
[Site "Chess.com"]
[Date "2020.05.30"]
[Round "8"]
[White "Natalya_Buksa"]
[Black "Firegrizzly"]
[Result "1/2-1/2"]
[WhiteElo "2109"]
[BlackElo "2203"]
[TimeControl "600+2"]
[EndTime "11:55:43 PDT"]
[Termination "Game drawn - insufficient material"]

1. d4 Nf6 2. Nc3 g6 3. e4 d5 4. e5 Nh5 5. Be2 Ng7 6. Nf3 h5 7. Bf4 Bg4 8. h3 Bxf3 9. Bxf3 c6 10. Qd2 Ne6 11. Be3 Nd7 12. O-O-O b5 13. Kb1 Nb6 14. g4 h4 15. Be2 Nc4 16. Qd3 g5 17. b3 Nb6 18.
Qd2 b4 19. Na4 Nxa4 20. bxa4 Qa5 21. Ka1 Qxa4 22. Rb1 Rb8 23. Rb3 Nf4 24. Bxf4 gxf4 25. Rhb1 e6 26. c3 c5 27. dxc5 Bxc5 28. cxb4 Bxf2 29.
Qxf4 Bg3 30. Qd4 Qc6 31. Rc3 Qb6 32. Qxb6 axb6 33. Bb5+ Ke7 34. Re3 Rhg8 35. Rc1 Rbc8 36. Rxc8 Rxc8 37. Kb2 d4 38. Re4 Rd8 39. Kc2 Rc8+ 40.
Kd2 Bf2 41. Re2 Bg1 42. Rg2 Be3+ 43. Kd3 Rc3+ 44. Ke4 Ra3 45. g5 Kf8 46. g6 Kg7 47.
Be8 fxg6 48. Rxg6+ Kf8 49. Rxe6 Bg5 50. Kxd4 Rxh3 51.
Bc6 Ra3 52. Rg6 Be7 53. Bd5 Bxb4 54. Rxb6 Bc3+ 55. Ke4 h3 56. Rh6 Bd2 57. Rh7 Re3+ 58. Kf5 Bc3 59. Be4 Kg8 60. Rh4 Rg3 61. a4 Kg7 62. e6 Bb4 63. Rg4+ Rxg4 64. Kxg4 Kf6 65.
Bd5 Ke5 66. a5 Kxd5 67. a6 Kc6 68. Kxh3 Kb6 69. Kg4 Kxa6 70. Kf5 Kb6 71. Kf6 Kc6 72. e7 Kd7 73. Kf7 Bxe7 1/2-1/2

[Event "GrandPrix_30.05"]
[Site "Chess.com"]
[Date "2020.05.30"]
[Round "8"]
[White "cukus"]
[Black "Andrei_Belozerov"]
[Result "1-0"]
[WhiteElo "2230"]
[BlackElo "2327"]
[TimeControl "600+2"]
[EndTime "11:55:55 PDT"]
[Termination "cukus won by resignation"]

1. e4 c5 2. Nf3 d6 3. d4 cxd4 4.
Nxd4 Nf6 5. Nc3 a6 6. Be3 e5 7. Nb3 Be6 8. f3 h5 9. Qd2 Nbd7 10.
Nd5 Bxd5 11. exd5 g6 12. Be2 Bg7 13. O-O-O Nb6 14. Qa5 Bh6 15. Bxh6 Rxh6 16. f4 exf4 17. Rhf1 Nbd7 18. Qb4 Qb6 19. Qxf4 Rh8 20. Kb1 O-O-O 21. Qh4 Rhe8 22. Bd3 Nxd5 23. Rxf7 Ne5 24. Rg7 Ne3 25. Rc1 Kb8 26. Qf2 d5 27. Re1 Nxd3 28. cxd3 Rc8 29. Qg3+ Ka8 30. Rxg6 Rc6 31. Rg8 Rxg8 32. Qxg8+ Ka7 33.
Qg5 Nc2 34. Rc1 Rg6 35. Qxh5 Nb4 36. Qe2 Qb5 37. Rd1 Qa4 38. Nc1 Rxg2 39. Qxg2 Qxd1 40. Qf2+ 1-0

[Event "GrandPrix_30.05"]
[Site "Chess.com"]
[Date "2020.05.30"]
[Round "8"]
[White "PavelShkapenko"]
[Black "Mikhail_Golubev"]
[Result "1/2-1/2"]
[WhiteElo "2385"]
[BlackElo "2166"]
[TimeControl "600+2"]
[EndTime "11:55:57 PDT"]
[Termination "Game drawn by agreement"]

1. e4 c5 2. c3 d6 3. d4 Nf6 4. Bd3 Nc6 5. Nf3 Bg4 6. d5 Bxf3 7. Qxf3 Ne5 8. Bb5+ Nfd7 9. Qe2 a6 10. Ba4 c4 11.
O-O b5 12. Bc2 Nc5 13. Be3 Qc7 14. f4 Ned3 15. b4 Nxe4 16. Bxd3 cxd3 17. Qxd3 Qc4 18. Qxc4 bxc4 19. Bd4 e6 20. Na3 exd5 21. Nc2 Kd7 22.
Ne3 Kc6 23. a4 Be7 24. Rfd1 Bf6 25. Nxd5 Kxd5 26. Bxf6+ Kc6 27. Bxg7 Rhg8 28. Bd4 f5 29. Rdb1 Nd2 30. Rd1 Ne4 31. Ra2 Rab8 32. Rb1 Rg4 33. Rf1 h5 1/2-1/2

[Event "GrandPrix_30.05"]
[Site "Chess.com"]
[Date "2020.05.30"]
[Round "8"]
[White "PeshkaTheGreat"]
[Black "Jan1401"]
[Result "1/2-1/2"]
[WhiteElo "2143"]
[BlackElo "2215"]
[TimeControl "600+2"]
[EndTime "11:55:59 PDT"]
[Termination "Game drawn by agreement"]

1. e4 e6 2. d4 d5 3. Nc3 Bb4 4.
a3 Bxc3+ 5. bxc3 dxe4 6. Qg4 Nf6 7. Qxg7 Rg8 8. Qh6 c5 9. Ne2 Bd7 10. Bg5 Ng4 11. Bxd8 Nxh6 12. Bc7 Bc6 13. Ng3 Nd7 14. h3 f6 15. Bc4 Ke7 16. O-O Nf7 17. Bf4 Nb6 18.
Be2 Nd5 19. Bd2 e3 20. Be1 exf2+ 21. Bxf2 Nf4 22. d5 Bxd5 23. Bxc5+ Kd7 24. Bb5+ Kc7 25. Rxf4 Rxg3 26. Rxf6 Rxg2+ 27. Kf1 Nd6 28. c4 Be4 29.
Re1 Rg6 30. Rxg6 Bxg6 31. Rxe6 Nxb5 32. cxb5 b6 33. Re7+ Kd8 34. Bb4 Bxc2 35. Rg7 Bd3+ 36. Kf2 Bxb5 37. Rxh7 a5 38. Bd2 Rc8 39. Be3 Rc6 40. Rb7 Kc8 41. Rxb6 Rxb6 42. Bxb6 a4 43. h4 Kb7 44. Bd4 Kc6 45. Ke3 Bc4 46. h5 Bg8 47. Kf4 Kd5 48. Bg7 Bh7 49. Kg5 Bc2 50. h6 Ke6 51. Bc3 Kf7 52. Kf4 Kg8 53. Ke5 Kh7 54. Bd2 Bb3 55. Kd6 Bd1 56. Kc5 Bb3 57.
Kb4 Bd1 58. Kc3 Bb3 59. Bg5 Kg6 60. Bf4 Kh7 61. Kd2 Kg6 1/2-1/2

[Event "GrandPrix_30.05"]
[Site "Chess.com"]
[Date "2020.05.30"]
[Round "8"]
[White "Karacsonyi_Gellert"]
[Black "TheEternalPatzer"]
[Result "1-0"]
[WhiteElo "2193"]
[BlackElo "2033"]
[TimeControl "600+2"]
[EndTime "11:56:08 PDT"]
[Termination "Karacsonyi_Gellert won by resignation"]

1. e4 Nf6 2. e5 Nd5 3. d4 d6 4.
c4 Nb6 5. exd6 exd6 6. Nc3 Nc6 7.
d5 Ne5 8. f4 Ned7 9. Nf3 Be7 10. Bd3 Nf6 11. O-O O-O 12. Be3 Ng4 13. Bd4 Bf6 14.
Bxf6 Nxf6 15. Qd2 Nbd7 16. b4 a5 17. a3 Re8 18. Rfe1 Rxe1+ 19. Rxe1 axb4 20. axb4 Nf8 21.
Nd4 Bd7 22. g3 Qb8 23. Kg2 Qa7 24. Ndb5 Qb6 25. Qe3 Qxe3 26. Rxe3 Ne8 27. h3 c6 28. Nd4 Nf6 29. dxc6 bxc6 30. Ne4 Nxe4 31. Bxe4 Ra2+ 32.
Kf3 Bxh3 33. Bxc6 h5 34. Ne2 Ne6 35. Kf2 Bg4 36. Bf3 Nd4 37. Bxg4 hxg4 38. Re4 Nc2 39. c5 d5 40. Re8+ Kh7 41. c6 Nd4 42. c7 Nxe2 43. Rxe2 1-0

[Event "GrandPrix_30.05"]
[Site "Chess.com"]
[Date "2020.05.30"]
[Round "8"]
[White "Nuvas"]
[Black "Kezin_Roman"]
[Result "0-1"]
[WhiteElo "2255"]
[BlackElo "2453"]
[TimeControl "600+2"]
[EndTime "11:56:09 PDT"]
[Termination "Kezin_Roman won by resignation"]

1. d4 d5 2. c4 e6 3. Nc3 c6 4.
Nf3 Nf6 5. Bg5 dxc4 6. e4 b5 7. e5 h6 8. Bh4 g5 9. Bg3 Nh5 10.
Be2 Bb7 11. O-O Bg7 12. a4 a6 13. Ne4 O-O 14. Qc2 Nxg3 15. hxg3 g4 16. Nh2 h5 17.
Rad1 Nd7 18. f3 c5 19. dxc5 Qc7 20. fxg4 Bxe4 21. Qxe4 Nxc5 22. Qf3 Qxe5 23. gxh5 f5 24. g4 Rae8 25. g5 Ne4 26. h6 Qc5+ 27. Kh1 Be5 28.
Rd7 Ng3+ 29. Qxg3 Bxg3 30. Rg7+ Kh8 31. g6 Re7 32. Rxe7 Qxe7 0-1

[Event "GrandPrix_30.05"]
[Site "Chess.com"]
[Date "2020.05.30"]
[Round "8"]
[White "Paulz64"]
[Black "DariaVoit"]
[Result "0-1"]
[WhiteElo "2213"]
[BlackElo "2385"]
[TimeControl "600+2"]
[EndTime "11:56:10 PDT"]
[Termination "DariaVoit won on time"]

1. d4 Nf6 2. c4 e6 3. Nf3 b6 4.
g3 Bb7 5. Bg2 Be7 6. O-O O-O 7.
d5 exd5 8. Nh4 c6 9. cxd5 Nxd5 10. Nf5 Nc7 11. e4 d5 12. Nc3 Bf6 13. Re1 d4 14. e5 dxc3 15. exf6 Qxf6 16. Qc2 Re8 17. Rxe8+ Nxe8 18.
bxc3 Nd7 19. Bb2 Nd6 20. Nxd6 Qxd6 21. Rd1 Qc7 22. c4 c5 23. Qf5 Nf8 24. Be5 Qe7 25. Qg4 Qxe5 26. Bxb7 Re8 0-1